Map: Ulrena

Players

gytz - Winner!

  • Race: Zerg Zerg
  • League: Diamond

MarineMario

  • Race: Terran Terran
  • League: Diamond

VOD

Have the link to the VOD?

Description

long zvt comeback with insane strats

Time

  • Played on: Nov. 30, 2015, 5:56 p.m.
  • Length: 39:29
Show
View Real Time Build Order
Export as new Build Order

gytz Zerg - Winner!

Build Orders: Hatch First 

Get SALT Encoding   

  12  0:00  Drone  
  13  0:12  Overlord  
  13  0:17  Drone  
  13  0:20  Extractor  
  13  0:23  Drone  
  15  0:30  Drone  
  15  0:35  Drone  
  17  0:53  Hatchery  
  17  0:56  Drone  
  17  1:02  Drone, Extractor  
  17  1:16  Spawning Pool  
  17  1:18  Drone  
  17  1:23  Drone  
  18  1:34  Drone  
  19  1:40  Drone  
  20  1:49  Drone  
  21  2:01  Overlord  
  21  2:06  Metabolic Boost, Queen  
  23  2:09  Queen  
  23  2:13  Zergling x2  
  23  2:14  Zergling x2  
  27  2:20  Spore Crawler  
  26  2:23  Extractor  
  26  2:24  Drone  
  28  2:31  Extractor  
  28  2:36  Drone x2  
  29  2:37  Drone  
  30  2:47  Drone  
  30  2:48  Overlord  
  31  2:58  Drone x2, Spine Crawler  
  33  3:00  Queen  
  34  3:11  Drone x2  
  36  3:17  Drone x2  
  38  3:28  Evolution Chamber  
  38  3:31  Evolution Chamber  
  36  3:45  Baneling Nest  
  36  3:47  Drone x3  
  36  3:48  Drone x4  
  42  3:49  Roach Warren  
  42  3:52  Overlord  
  42  3:53  Overlord  
  41  4:02  Overlord  
  41  4:14  Overlord  
  41  4:18  Drone x2  
  41  4:20  Zerg Melee Weapons Level 1, Zerg Ground Armor Level 1, Extractor  
  42  4:34  Drone x3  
  42  4:35  Drone  
  42  4:37  Lair  
  46  4:38  Overlord  
  46  4:48  Roach x2  
  50  4:54  Zergling x4  
  50  4:57  Roach  
  50  4:59  Zergling x2  
  57  5:00  Zergling x6  
  57  5:01  Hatchery  
  57  5:08  Roach x2  
  57  5:10  Drone x2  
  61  5:23  Roach x3  
  61  5:26  Zergling x2  
  61  5:27  Zergling x2  
  63  5:31  Zergling x2  
  63  5:34  Zergling x2  
  65  5:41  Roach x3  
  65  5:42  Spine Crawler  
  70  5:43  Zergling x4  
  72  5:53  Overlord x2  
  72  5:55  Glial Reconstitution  
  72  5:59  Extractor  
  71  6:04  Overlord  
  71  6:05  Drone x3  
  73  6:14  Roach x3  
  73  6:15  Roach  
  70  6:26  Roach x3  
  68  6:37  Queen x2  
  68  6:48  Overlord x2  
  68  6:49  Drone x4  
  68  6:50  Drone  
  68  6:53  Queen  
  75  6:55  Drone  
  76  7:03  Drone x5  
  76  7:07  Drone x2  
  83  7:12  Drone  
  84  7:17  Drone  
  84  7:19  Drone  
  84  7:22  Overlord  
  86  7:34  Overlord  
  86  7:38  Drone x2  
  86  7:39  Drone x2  
  90  7:45  Extractor, Zerg Ground Armor Level 2, Zerg Melee Weapons Level 2  
  90  7:46  Extractor  
  90  7:47  Drone x3  
  90  7:48  Drone  
  90  7:50  Extractor  
  87  8:07  Zergling x6  
  87  8:08  Centrifical Hooks, Zergling x16  
  91  8:12  Zergling x2  
  83  8:20  Zergling x4  
  83  8:21  Zergling x6  
  83  8:25  Zergling x2  
  89  8:38  Zergling x4  
  89  8:39  Zergling x2  
  92  8:45  Zergling x8  
  92  8:46  Zergling x8  
  100  8:54  Overlord x2  
  102  8:55  Roach  
  102  8:56  Roach x2  
  102  8:57  Hatchery  
  105  9:04  Overlord  
  105  9:07  Roach x2  
  109  9:15  Roach x2  
  113  9:17  Roach  
  113  9:21  Overlord x2  
  113  9:22  Roach x3  
  113  9:23  Roach  
  123  9:25  Roach x3  
  129  9:33  Spine Crawler  
  129  9:34  Spine Crawler  
  129  9:35  Roach x3  
  129  9:36  Spine Crawler  
  129  9:37  Spine Crawler, Baneling x18  
  129  9:38  Ravager x3  
  134  9:39  Roach  
  134  9:40  Roach  
  134  9:43  Roach  
  134  9:44  Baneling x4  
  134  9:45  Baneling x4  
  140  9:46  Baneling x3  
  140  9:49  Zergling x4  
  140  9:51  Zergling x6  
  145  9:58  Overlord  
  145  9:59  Drone x3  
  149  10:00  Drone  
  150  10:07  Zergling x6  
  150  10:12  Ravager  
  150  10:13  Ravager x6  
  158  10:25  Zergling x16  
  158  10:26  Zergling x8  
  112  10:45  Roach x3  
  112  10:46  Roach x7  
  122  10:53  Zergling x4  
  100  11:05  Queen  
  100  11:07  Zergling x10  
  100  11:09  Baneling x16  
  107  11:12  Zergling x4  
  107  11:15  Zergling x2  
  110  11:19  Zergling x2  
  110  11:20  Zergling x4  
  113  11:26  Zergling x2  
  113  11:31  Zergling x2  
  113  11:32  Zergling x8  
  100  11:42  Zergling x4  
  100  11:43  Zergling x14  
  99  11:50  Zergling x8  
  99  11:53  Baneling x9  
  99  11:54  Baneling x9  
  101  11:55  Ravager x3  
  104  12:01  Zergling x8  
  104  12:02  Zergling x4  
  104  12:06  Zergling x2  
  111  12:10  Zergling x2  
  111  12:11  Baneling x4  
  111  12:12  Drone, Baneling x2  
  111  12:13  Drone  
  114  12:16  Drone  
  115  12:24  Drone x6  
  115  12:25  Drone x3  
  123  12:31  Drone x4  
  123  12:32  Drone  
  123  12:46  Zergling x2  
  123  12:47  Zergling x12  
  123  12:50  Baneling  
  123  12:51  Baneling x5  
  130  12:52  Baneling x11  
  130  12:59  Zergling x2  
  130  13:00  Zergling x8  
  135  13:10  Extractor  
  134  13:19  Zergling x2  
  135  13:20  Zergling x26  
  135  13:25  Hatchery  
  147  13:28  Zergling x2  
  147  13:29  Zergling x4  
  147  13:31  Overlord  
  122  13:42  Zergling x14  
  122  13:43  Zergling x14  
  122  13:51  Infestation Pit  
  122  13:54  Baneling x10  
  122  13:55  Extractor, Baneling x15  
  117  13:56  Zergling x2  
  117  13:57  Zergling x2  
  117  14:02  Zergling x6  
  122  14:03  Zergling x4  
  124  14:13  Zergling x8  
  124  14:14  Zergling x6  
  131  14:23  Zergling x16  
  131  14:24  Zergling x2  
  137  14:27  Hive  
  137  14:38  Queen  
  139  14:39  Overlord x2  
  139  14:41  Zergling x12  
  139  14:42  Zergling x2  
  146  15:00  Baneling x8  
  146  15:01  Baneling x25  
  146  15:03  Zergling x4  
  148  15:07  Pathogen Glands  
  148  15:25  Drone x2  
  143  16:06  Adrenal Glands  
  143  16:10  Zerg Ground Armor Level 3, Zerg Melee Weapons Level 3, Ultralisk Cavern  
  141  16:14  Zergling x6  
  141  16:15  Zergling x14  
  148  16:50  Extractor  
  148  16:53  Overseer  
  148  16:54  Hatchery  
  146  16:55  Pneumatized Carapace  
  146  17:01  Chitinous Plating  
  146  17:13  Extractor  
  144  17:17  Ultralisk x6  
  144  17:18  Ultralisk x2  
  144  17:20  Overlord x2  
  168  17:58  Zergling x2  
  168  17:59  Zergling x36  
  168  18:00  Zergling x10  
  191  18:13  Zergling x16  
  166  18:57  Ultralisk x2  
  166  18:58  Ultralisk x3  
  196  19:03  Spine Crawler x4  
  192  19:16  Zergling x10  
  123  19:54  Zergling x2  
  88  21:37  Spore Crawler  
  76  22:53  Hatchery  
  74  24:32  Spire  
  73  25:03  Overlord  
  73  25:49  Mutalisk  
  68  25:50  Mutalisk x11  
  91  25:59  Queen x2  
  94  26:07  Mutalisk x3  
  100  26:13  Mutalisk x3  
  99  26:27  Mutalisk x3  
  103  26:47  Hatchery  
  103  26:50  Queen  
  104  27:00  Drone x4  
  104  27:01  Drone x4  
  106  27:12  Drone x3  
  106  27:13  Drone  
  106  27:15  Mutalisk  
  90  27:36  Extractor  
  89  27:37  Extractor  
  80  27:48  Drone x2  
  80  27:49  Drone x6  
  80  27:50  Drone  
  82  28:09  Hatchery  
  70  28:14  Zergling x6  
  70  28:15  Zergling x10  
  75  28:22  Drone  
  76  28:56  Drone x2  
  78  29:32  Zergling x2  
  78  29:33  Zergling x18  
  86  29:53  Extractor  
  86  29:54  Extractor  
  84  30:02  Zergling x2  
  84  30:03  Zergling x14  
  82  31:05  Queen x2  
  82  31:06  Queen  
  84  31:49  Hatchery  
  76  32:44  Mutalisk x5  
  76  32:45  Mutalisk  
  88  33:17  Mutalisk x2  
  92  33:35  Hatchery  
  91  34:24  Hatchery  
  90  34:31  Mutalisk x2  
  90  34:32  Mutalisk  
  84  35:20  Mutalisk x4  
  86  35:38  Drone  
  86  35:39  Drone x2  
  86  36:15  Mutalisk x3  
  91  36:31  Drone  
  91  36:32  Drone x5  
  97  36:37  Baneling x2  
  97  36:38  Baneling  
  97  36:42  Baneling x2  
  97  36:47  Zergling x2  
  98  37:03  Zergling x8  
  102  37:47  Baneling x4  
  102  37:48  Zergling x8, Baneling  
  106  37:54  Drone x2  
  106  37:56  Extractor x2  
  106  37:58  Hatchery  
  103  38:39  Mutalisk x3  
  103  38:40  Mutalisk x2  
Show
View Real Time Build Order
Export as new Build Order

MarineMario Terran 

Build Orders: Reaper Expand 

Get SALT Encoding   

  12  0:01  SCV  
  13  0:13  SCV  
  14  0:17  Supply Depot  
  14  0:25  SCV  
  15  0:39  SCV  
  15  0:41  Barracks  
  16  0:45  Refinery  
  16  0:51  SCV  
  17  1:03  SCV  
  18  1:15  SCV  
  19  1:28  Orbital Command  
  19  1:29  Reaper  
  20  1:42  Command Center  
  20  1:52  Supply Depot  
  20  1:55  SCV  
  20  2:00  Refinery  
  21  2:01  Marine  
  21  2:07  SCV  
  23  2:16  Factory  
  23  2:19  SCV  
  24  2:31  SCV  
  25  2:38  Barracks Reactor  
  25  2:48  SCV  
  26  2:53  Orbital Command  
  26  3:04  Starport  
  26  3:06  SCV  
  26  3:11  Armory  
  27  3:18  SCV, Hellion  
  32  3:21  SCV  
  32  3:25  Marine  
  34  3:30  SCV  
  34  3:33  SCV  
  36  3:35  Supply Depot  
  36  3:40  Hellion  
  37  3:43  SCV  
  37  3:44  Hellion  
  37  3:45  SCV  
  39  3:55  SCV  
  40  3:57  SCV  
  40  3:59  Supply Depot  
  40  4:01  Hellion  
  40  4:02  Medivac, Marine  
  44  4:05  Hellion  
  44  4:07  SCV  
  44  4:09  SCV  
  50  4:19  SCV, Marine  
  50  4:21  SCV  
  50  4:23  Hellion  
  55  4:25  Supply Depot, Liberator  
  55  4:27  Hellion  
  58  4:31  SCV  
  58  4:33  SCV  
  59  4:41  Barracks Tech Lab  
  62  4:47  SCV x2, Hellion  
  62  4:48  Supply Depot, Hellion  
  68  5:08  Marine  
  68  5:10  SCV x2, Hellion  
  73  5:15  Command Center, Supply Depot  
  69  6:02  SCV x2  
  71  6:06  Barracks x2  
  71  6:07  Engineering Bay x2  
  71  6:08  Barracks  
  71  6:10  Barracks  
  68  6:12  Liberator  
  68  6:14  SCV x2  
  64  6:26  SCV  
  64  6:27  SCV  
  64  6:28  Marine  
  64  6:29  Hellion x2  
  68  6:38  SCV  
  68  6:39  SCV  
  66  6:53  Marine  
  67  6:57  Barracks Reactor x4  
  67  6:58  Terran Infantry Weapons Level 1, Terran Infantry Armor Level 1  
  67  6:59  SCV x2  
  67  7:00  Command Center  
  69  7:04  Supply Depot  
  69  7:12  Hellion x2  
  69  7:14  Starport Reactor  
  73  7:21  SCV x2  
  73  7:22  Marine  
  76  7:30  Stimpack, Barracks  
  76  7:31  Factory, Barracks  
  76  7:34  Marine x7  
  76  7:35  Marine  
  84  7:40  Marine  
  84  7:43  Refinery  
  85  7:44  SCV, Refinery  
  85  7:45  SCV  
  85  7:47  Factory Tech Lab  
  85  7:50  Barracks  
  74  8:21  Orbital Command  
  74  8:24  Planetary Fortress  
  74  8:25  SCV x2  
  76  8:31  Marine x4  
  76  8:32  Marine x5  
  76  8:33  Barracks Tech Lab x2  
  85  8:35  Siege Tank  
  85  8:36  Medivac x2  
  85  8:37  SCV x2  
  94  8:49  SCV x2, Marine  
  94  8:54  Marine x5, Marauder x3  
  94  8:55  Marine x4  
  112  8:56  Combat Shields  
  112  8:58  Concussive Shells  
  112  9:02  Supply Depot x2  
  112  9:03  Supply Depot  
  112  9:04  Supply Depot  
  112  9:12  SCV x4  
  116  9:23  Marauder, Marine x8  
  116  9:24  Marauder  
  128  9:31  Medivac x2  
  130  9:33  Siege Tank  
  130  9:35  Factory Tech Lab  
  130  9:38  Terran Infantry Weapons Level 2  
  135  9:42  Terran Infantry Armor Level 2  
  135  9:49  Supply Depot  
  135  9:50  Supply Depot  
  135  9:52  SCV, Refinery  
  136  9:53  SCV, Refinery  
  136  9:55  SCV x2  
  139  10:04  Marauder  
  139  10:05  Marine, Marauder x2  
  146  10:26  Marauder  
  123  10:41  Marauder, Marine x4  
  123  10:42  Marauder, Marine  
  75  10:56  Marauder, Marine x5  
  69  10:59  Marine x5  
  69  11:03  Marauder x2  
  75  11:05  SCV x4  
  79  11:13  Marine  
  79  11:16  Marine x3  
  79  11:17  Marauder, Siege Tank x2, Marine  
  92  11:18  Marine  
  92  11:19  Marine  
  92  11:21  SCV  
  92  11:24  SCV, Marauder  
  92  11:25  SCV  
  99  11:30  SCV  
  100  11:33  SCV  
  87  11:46  Marauder x2, Marine  
  91  12:00  SCV x3  
  91  12:01  SCV  
  95  12:07  Marine  
  95  12:08  Marauder, Marine x2  
  100  12:09  Marine  
  102  12:15  SCV x3  
  104  12:34  Marauder, Marine x2  
  104  12:35  Marine x2, Marauder x2  
  114  12:47  Liberator  
  114  12:54  Marine x4  
  114  12:55  Siege Tank x2  
  114  12:57  Marauder  
  114  12:58  Marauder x2  
  133  13:13  Marine  
  133  13:14  Marine x5  
  139  13:20  Terran Vehicle Weapons Level 1  
  139  13:37  Orbital Command  
  139  13:38  Marauder  
  98  13:51  Medivac x2  
  98  13:52  Marauder, Siege Tank x2, Marine x3  
  98  13:53  Marauder  
  115  14:09  SCV x3  
  117  14:20  Orbital Command  
  115  14:41  Marine x2  
  115  14:42  Marauder x2, Marine x6  
  127  14:47  SCV x4  
  131  14:54  Marine x2  
  131  14:55  Marauder  
  131  14:59  Marine  
  136  15:01  Marine x4  
  140  15:38  Supply Depot  
  140  15:40  Supply Depot  
  140  15:41  Supply Depot  
  140  15:43  Supply Depot  
  140  15:50  Marine x6  
  140  15:51  Marauder  
  148  15:57  Command Center  
  148  15:59  Siege Tank x2  
  148  16:00  Marauder  
  148  16:01  Marine x4  
  143  16:07  SCV x4  
  147  16:12  Marine x4  
  147  16:13  Marine x4  
  155  16:20  Marauder  
  157  16:32  Marauder x2, Marine  
  162  16:40  Supply Depot  
  162  16:41  Marine  
  163  16:52  Siege Tank  
  163  16:53  Marine  
  167  17:26  Marauder, Marine x6  
  167  17:27  Marine x4, Marauder x2  
  183  17:44  Marine  
  183  17:48  Marauder  
  183  17:50  Marine  
  183  17:51  Marauder  
  174  18:03  SCV x4  
  178  18:06  SCV  
  179  18:15  SCV  
  177  18:23  Marauder, Marine  
  60  20:39  Orbital Command  
  26  23:17  Liberator  
  26  23:29  Orbital Command  
  26  23:30  Marine x3  
  26  23:31  Marine  
  30  23:36  Marine x2  
  35  24:47  Orbital Command  
  34  25:24  SCV  
  30  25:40  Supply Depot  
  30  25:48  SCV  
  30  25:52  Liberator  
  29  26:00  SCV  
  29  26:03  SCV, Supply Depot  
  34  26:12  SCV  
  34  26:15  SCV  
  33  26:25  Marine x2  
  33  26:26  Marine x2  
  37  26:37  SCV x2, Liberator  
  37  26:38  Marine x4  
  43  26:43  Marine  
  44  26:49  SCV  
  44  26:51  SCV  
  46  27:01  SCV, Marine x2  
  49  27:04  SCV  
  49  27:13  Marine  
  49  27:14  Marine x3  
  47  27:24  Marine  
  47  27:25  Marine x3  
  51  27:48  Marine x5  
  56  27:53  SCV x2  
  58  28:05  SCV  
  59  28:23  Marine x3  
  62  28:39  Supply Depot x2  
  62  28:41  Supply Depot  
  62  28:43  Liberator  
  62  29:00  Marine x5  
  70  29:03  Marine x2  
  70  29:04  Marine  
  73  29:18  Marine x2  
  75  29:26  Liberator  
  72  29:49  Marine x7  
  72  29:50  Marine  
  76  30:09  Liberator  
  62  30:42  Marine x4  
  61  30:43  Marine x4  
  67  30:52  Liberator  
  67  31:47  Marine x7  
  67  31:48  Marine  
  74  32:04  Marine x2  
  74  32:05  Marine  
  273  32:22  Liberator  
  65  32:40  Marine x2  
  65  33:22  Medivac  
  65  33:24  Marine  
  65  33:25  Marine x4  
  72  33:43  Marine x3  
  72  33:44  Marine x2  
  77  33:50  Marine  
  78  34:10  Marine, Medivac  
  78  34:11  Marine x6  
  79  34:29  Barracks Reactor  
  68  35:18  Liberator x2  
  68  36:01  Liberator  
  67  36:09  Orbital Command  
  68  36:41  Liberator  
  67  37:09  Refinery x2  
  67  37:37  Liberator  
  70  38:20  Liberator  
Tags
 
Add a new tag
Caveats
  • Supply blocks, unpowered buildings, or Contaminate may cause inaccurate times.
  • Supply counts are checked every 10 seconds.